 Dungeon Crawl Stone Soup version 0.29-a0-284-gf9362112df (webtiles) character file.

Game seed: 5775266901587216621

2311 spiderkeys the Nimble (level 9, -3/47 HPs)
             Began as a Spriggan Abyssal Knight on Mar 15, 2022.
             Was a High Priest of Lugonu.
             Slain by a wyvern (14 damage)
             ... on level 6 of the Dungeon.
             The game lasted 00:13:33 (8549 turns).

spiderkeys the Nimble (Spriggan Abyssal Knight)     Turns: 8549, Time: 00:13:33

Health: -3/47      AC:  5    Str:  9    XL:     9   Next: 18%
Magic:  16/17      EV: 24    Int: 22    God:    Lugonu [*****.]
Gold:   383        SH:  0    Dex: 21    Spells: 15/18 levels left

rFire   . . .      SeeInvis +   h - +1 dagger (venom)
rCold   . . .      Faith    .   (no shield)
rNeg    . . .      Spirit   .   b - +0 robe
rPois   .          Reflect  .   (helmet restricted)
rElec   .          Harm     .   n - +2 cloak
rCorr   .          Rampage  .   (gloves unavailable)
Will    +....                   (boots unavailable)
Stlth   +++.......              (no amulet)
HPRegen 0.15/turn               I - +6 ring of intelligence
MPRegen 0.15/turn               D - +6 ring of dexterity

@: marked, very quick
A: very small, no large weapons, unfitting armour, see invisible, speed 3
a: Renounce Religion, Depart the Abyss, Bend Space, Banish, Corrupt, Enter the
Abyss


You were on level 6 of the Dungeon.
You worshipped Lugonu.
Lugonu was extremely pleased with you.
You visited 1 branch of the dungeon, and saw 7 of its levels.
You visited the Abyss 1 time.
You also visited: Sewer.

You collected 383 gold pieces.


Innate Abilities, Weirdness & Mutations

You are very small and have problems with some larger weapons.
You are too small for most types of armour.
You have supernaturally acute eyesight. (SInv)
You cover ground extremely quickly. (Speed+++)


   Skills:
 + Level 5.4 Fighting
 + Level 6.7 Short Blades
 + Level 8.2 Dodging
 - Level 5.0 Stealth
 - Level 5.0 Spellcasting
 + Level 4.1 Poison Magic
 - Level 1.7 Invocations


You had 15 spell levels left.
You knew the following spells:

 Your Spells              Type           Power      Damage    Failure   Level
m - Mephitic Cloud        Conj/Pois/Air  11%        N/A       17%         3

Your spell library contained the following spells:

 Spells                   Type           Power      Damage    Failure   Level
 Corpse Rot               Necr/Air       10%        N/A       16%         2
 Ignite Poison            Fire/Tmut/Pois 11%        N/A       17%         3
 Animate Dead             Necr           2%         N/A       69%         4
 Dispel Undead            Necr           5%         3d7       69%         4
 Hailstorm                Conj/Ice       5%         3d4       69%         4
 Ice Form                 Ice/Tmut       5%         N/A       69%         4
 Borgnjor's Vile Clutch   Necr/Erth      2%         N/A       95%         5
 Freezing Cloud           Conj/Ice/Air   2%         6-21      95%         5
 Death Channel            Necr           2%         N/A       100%        6
 Simulacrum               Ice/Necr       2%         N/A       100%        6

Inventory:

Hand Weapons
 a - a +1 short sword
 g - a +1 rapier
   (You found it on level 3 of the Dungeon)
 h - a +1 dagger of venom (weapon)
   (You found it on level 1 of the Dungeon)
Missiles
 c - 189 stones
 e - 6 poisoned darts
 j - a silver boomerang
 o - 3 boomerangs
Armour
 b - a +0 robe (worn)
 d - a +0 robe
   (You took it off Sigmund on level 3 of the Dungeon)
 l - a +0 robe
   (You found it on level 2 of the Dungeon)
 n - a +2 cloak (worn)
   (You found it on level 2 of the Dungeon)
 p - a +0 robe
   (You took it off an orc wizard on level 6 of the Dungeon)
 s - a +0 robe
   (You found it on level 5 of the Dungeon)
 u - a +0 robe
   (You took it off an orc wizard on level 6 of the Dungeon)
 E - a +0 robe
   (You found it on level 6 of the Dungeon)
 F - a +0 robe
   (You found it on level 6 of the Dungeon)
Jewellery
 D - a +6 ring of dexterity (right hand)
   (You found it on level 6 of the Dungeon)
 I - a +6 ring of intelligence (left hand)
   (You found it on level 2 of the Dungeon)
 L - a ring of flight
   (You took it off Terence on level 3 of the Dungeon)
Wands
 C - a wand of flame (21)
   (You found it on level 6 of the Dungeon)
Scrolls
 t - a scroll of enchant armour
 x - a scroll of vulnerability {!r!r}
 H - a scroll of amnesia
 J - a scroll of silence {!r}
Potions
 f - a potion of curing {@q1}
 i - 3 potions of brilliance
 k - a potion of flight
 m - 3 potions of lignification {!q}
 q - a potion of berserk rage {unknown}
 r - a potion of attraction {unknown}
 v - a potion of cancellation {unknown}
 w - a potion of haste {unknown}
 z - a potion of magic {unknown}
 B - a potion of mutation {unknown}
 G - a potion of resistance

Dungeon Overview and Level Annotations

Branches:
Dungeon (7/15)              Sewer (visited)
 Temple: D:4-7

Altars:
Ashenzari
Fedhas
Gozag
Uskayaw
Vehumet
Wu Jian
Zin
The Shining One

Annotations:
D:3 2 transporters, Patoropollo's ghost, amateur DEHu
D:5 2 transporters, NobodyCares's ghost, amateur HOFi

.....##.......#.............(..#
..................####.###..)..#
.#..#....##.#####..###.###.....#
....##......#####...##.#.......#
.........#..........(....#.....#
.......#..............#..#######
.........####.#.........##
.........####...l....##.#
.........##.....@....##.#
#...........#....<....#.#####
#........#..................#
#......................######
#.........##...........#
#........####.........##
#........# ##...#...##
########## #########


You could see a wyvern (poisoned, slow).


Message History

The arrow hits the howler monkey!
You closely miss the howler monkey. The howler monkey misses you.
The sky beast closely misses you.
The centaur shoots an arrow.
The arrow closely misses you.
The arrow hits the howler monkey!
The howler monkey dies!
The wyvern hisses angrily.
You hit the sky beast.
The sky beast looks as sick as possible!
You hit the sky beast.
The sky beast looks as sick as possible!
The centaur shoots an arrow.
The arrow closely misses you. The sky beast hits you.
The sky beast shocks you. 😕 HP[-8]
You take 8 damage, and now have 39/47 hp.
You hit the sky beast but do no damage.
The sky beast looks as sick as possible!
The sky beast misses you.
You hit the sky beast.
The sky beast looks as sick as possible!
You kill the sky beast!
Lugonu accepts your kill.
The centaur shoots an arrow.
The arrow completely misses you.
Training target 5.0 for Spellcasting reached!
Your Spellcasting skill increases to level 5!
The centaur shoots an arrow.
The arrow barely misses you.
You see here a sky beast corpse.
The centaur shoots an arrow.
The arrow closely misses you.
The centaur shoots an arrow.
The arrow hits you! 😮 HP[-10]
You take 10 damage, and now have 29/47 hp.
MASSIVE DAMAGE!! (PAUSE)
The wyvern sets off the alarm!
The alarm trap emits a blaring wail!
A sentinel's mark forms upon you.
The centaur shoots an arrow.
The arrow closely misses you.
The arrow barely misses the wyvern.
The centaur shoots an arrow.
The arrow closely misses you.
The centaur shoots an arrow.
The arrow hits you.
There is a stone staircase leading up here. 😮 HP[-3]
You take 3 damage, and now have 26/47 hp.
The wyvern bites you!
* * * LOW HITPOINT WARNING * * *
The centaur shoots an arrow.
The arrow completely misses you. The wyvern closely misses you.
You climb upwards.
There is a stone staircase leading down here. 😨 HP[-14]
You take 14 damage, and now have 12/47 hp.
MASSIVE DAMAGE!! (PAUSE) Space bends around you!
You blink. 😱 HP[-2] MP[-1]
You take 2 damage, and now have 10/47 hp.
You lost 1 mp, and now have 16/17 mp.
Unknown command.
Throw: 3 darts (curare) {=f}
Press: ? - help, Shift-Dir - straight line, f - wyvern
Aim: a wyvern (64% to hit)
You throw a curare-tipped dart {=f}.
The curare-tipped dart {=f} closely misses the wyvern.
Throw: 2 darts (curare) {=f}
Press: ? - help, Shift-Dir - straight line, f/p - wyvern
Aim: a wyvern (64% to hit)
You throw a curare-tipped dart {=f}.
The curare-tipped dart {=f} hits the wyvern.
The wyvern is poisoned.
The wyvern convulses.
The wyvern seems to slow down. 😱 HP[+1] 😱 MP[+1]
Your mp is fully restored (17). 😨 HP[+1]
The wyvern is no longer moving slowly.
The wyvern looks more healthy.
Aiming: Throw Flame
Press: ? - help, Shift-Dir - straight line, f/p - wyvern
Aim: a wyvern (heavily wounded, 68% to hit)
The puff of flame misses the wyvern.
Throw: dart (curare) {=f}
Press: ? - help, Shift-Dir - straight line, f/p - wyvern
Aim: a wyvern (heavily wounded, 64% to hit)
You throw a curare-tipped dart {=f}.
The curare-tipped dart {=f} hits the wyvern.
The wyvern is poisoned.
The wyvern convulses.
The wyvern seems to slow down.
Space bends around you!
You blink. 😱 HP[-2] MP[-1]
You take 2 damage, and now have 10/47 hp.
You lost 1 mp, and now have 16/17 mp.
Throw: 3 boomerangs
Press: ? - help, Shift-Dir - straight line, f/p - wyvern
Aim: a wyvern (almost dead, very poisoned, slow, 64% to hit)
You throw a boomerang. The boomerang hits the wyvern.
Throw: 3 boomerangs
Press: ? - help, Shift-Dir - straight line, f/p - wyvern
Aim: a wyvern (almost dead, very poisoned, slow, 64% to hit)
You throw a boomerang.
The boomerang hits the wyvern but does no damage. 😱 HP[+1]
You hit the wyvern but do no damage. The wyvern bites you!
You die...

Skill      XL: |  1  2  3  4  5  6  7  8  9 |
---------------+----------------------------+-----
Stealth        | 1 2 3 4 5 |  5.0
Short Blades   | 3 4 5 6 |  6.7
Dodging        | 4 5 6 7 8 |  8.2
Fighting       | 3 4 5 |  5.4
Spellcasting   | 2 4 5 |  5.0
Poison Magic   | 2 3 4 |  4.1
Invocations    | |  1.7

Action                   |  1- 3 |  4- 6 |  7- 9 || total
-------------------------+-------+-------+-------++-------
Melee: Short sword       |    33 |       |       ||    33
       Dagger            |    45 |   166 |   423 ||   634
       Punch             |       |     3 |     8 ||    11
Throw: Dart              |       |     6 |     3 ||     9
       Stone             |       |     1 |     3 ||     4
       Boomerang         |       |       |     6 ||     6
Invok: Bend Space        |       |     1 |     3 ||     4
Evoke: Wand              |       |       |     1 ||     1
  Use: Scroll            |     5 |     2 |     5 ||    12
       Potion            |     1 |     2 |     2 ||     5
 Stab: Sleeping          |     5 |     3 |    12 ||    20
       Distracted        |     1 |       |       ||     1
Armor: Robe              |     4 |    43 |    53 ||   100
       Skin              |     6 |       |       ||     6
Dodge: Dodged            |    44 |   180 |   354 ||   578

Levels and vault maps discovered:
D:1:      minmay_arrival_pointy, layout_loops_ring, basic_ecumenical_altar,
          st_stairs_3, palyth_stone_intersect
D:2:      layout_basic, serial_bayou_lake_a
D:3:      layout_basic, chequers_temple_overflow_statue_of_worship,
          nicolae_tso_besieged_by_evil, gammafunk_ghost_smash,
          minmay_misc_feat_cross, uniq_natasha, uniq_sigmund, uniq_terence
D:4:      layout_basic, mainiacjoe_overflow_alcove_1, minmay_misc_feat_columns
D:5:      layout_basic, nicolae_overflow_crystal_walls,
          gammafunk_ghost_mausoleum, uniq_edmund
D:6:      layout_rooms, grunt_gozag_breadcrumbs, gup_sewer_entry_bowl,
          uniq_eustachio
D:7:      layout_basic, mainiacjoe_overflow_catwalk,
          minmay_temple_entry_slanted, serial_aquarium, aquarium_bridge_straight
          [aquarium_subvault_bridge, aquarium_subvault_wall,
          aquarium_subvault_bridge, aquarium_subvault_window],
          aquarium_bridge_straight [aquarium_subvault_bridge,
          aquarium_subvault_window, aquarium_subvault_bridge,
          aquarium_subvault_wall], aquarium_window_1, aquarium_window_3,
          aquarium_view_2e, aquarium_view_2e, dreamdust_wishing_well,
          minmay_increasing_density

Notes
Turn   | Place    | Note
-------+----------+-------------------------------------------
     0 | Abyss:1  | spiderkeys the Spriggan Abyssal Knight began the quest for
                  | the Orb.
     0 | Abyss:1  | Reached XP level 1. HP: 11/11 MP: 3/3
     0 | Abyss:1  | magus.rc [v1.11.3]
    65 | Abyss:1  | Found a corrupted altar of Lugonu.
    97 | Abyss:1  | Found a corrupted altar of Lugonu.
   134 | D:1      | You pass through the gate.
   134 | D:1      | Escaped the Abyss
   323 | D:1      | Reached skill level 1 in Stealth
   459 | D:1      | Found a faded altar of an unknown god.
   463 | D:1      | Reached XP level 2. HP: 16/16 MP: 4/4
  1202 | D:2      | Reached skill level 2 in Stealth
  1202 | D:2      | Reached XP level 3. HP: 19/19 MP: 5/5
  1649 | D:2      | HP: 7/28 [adder (2)]
  1654 | D:2      | Reached skill level 3 in Short Blades
  1654 | D:2      | Reached skill level 4 in Dodging
  2005 | D:1      | Reached XP level 4. HP: 22/23 MP: 6/6
  2022 | D:2      | Reached skill level 3 in Fighting
  2209 | D:2      | Reached skill level 3 in Stealth
  2423 | D:3      | Noticed an ogre
  2423 | D:3      | Found an ornate altar of the Wu Jian Council.
  2423 | D:3      | Found a broken altar of Ashenzari.
  2423 | D:3      | Found a radiant altar of Vehumet.
  2423 | D:3      | Found a hide-covered altar of Uskayaw.
  2432 | D:3      | Noticed Sigmund
  2714 | D:3      | You pick up a book of Unlife and begin reading...
  2714 | D:3      | You add the spells Animate Dead, Borgnjor's Vile Clutch and
                  | Death Channel to your library.
  2725 | D:3      | Noticed Terence
  3036 | D:3      | Killed an ogre
  3037 | D:3      | Reached XP level 5. HP: 28/28 MP: 7/7
  3043 | D:3      | HP: 5/28 [Sigmund/+0 scythe (5)]
  3081 | D:4      | Reached *** piety under Lugonu
  3226 | D:4      | Reached skill level 4 in Stealth
  3352 | D:3      | Killed Sigmund
  3353 | D:3      | Reached skill level 4 in Short Blades
  3353 | D:3      | Reached skill level 5 in Dodging
  3353 | D:3      | Reached XP level 6. HP: 27/32 MP: 8/8
  3423 | D:3      | Killed Terence
  3424 | D:3      | Reached skill level 5 in Stealth
  3607 | D:3      | Noticed Natasha
  3611 | D:3      | Killed Natasha
  3612 | D:3      | Found a glowing golden altar of the Shining One.
  3637 | D:3      | Noticed Natasha
  3654 | D:3      | Killed Natasha
  3687 | D:3      | You pick up a book of Decay and begin reading...
  3687 | D:3      | You add the spells Corpse Rot and Dispel Undead to your
                  | library.
  3759 | D:3      | Found a transporter.
  3762 | D:3      | Noticed Patoropollo's ghost (amateur DEHu)
  3873 | D:3      | Found a transporter.
  3957 | D:4      | Reached XP level 7. HP: 37/37 MP: 9/9
  3959 | D:4      | You add the spells Ignite Poison, Mephitic Cloud and
                  | Freezing Cloud to your library.
  3964 | D:4      | Learned a level 3 spell: Mephitic Cloud
  3970 | D:4      | You pick up a book of the Tundra and begin reading...
  3970 | D:4      | You add the spells Hailstorm, Ice Form and Simulacrum to
                  | your library.
  4040 | D:4      | Reached skill level 4 in Fighting
  4632 | D:4      | Reached skill level 6 in Dodging
  4632 | D:4      | Reached skill level 1 in Spellcasting
  4918 | D:4      | Found a glowing silver altar of Zin.
  4922 | D:4      | Reached skill level 5 in Short Blades
  4922 | D:4      | Reached skill level 1 in Poison Magic
  4975 | D:5      | Entered Level 5 of the Dungeon
  4975 | D:5      | Noticed Edmund
  5281 | D:5      | Killed Edmund
  5281 | D:5      | Reached **** piety under Lugonu
  5282 | D:5      | Reached skill level 2 in Spellcasting
  5421 | D:5      | Found a transporter.
  5423 | D:5      | Noticed NobodyCares's ghost (amateur HOFi)
  5425 | D:5      | Found a transporter.
  5453 | D:5      | Reached skill level 2 in Poison Magic
  5576 | D:5      | Reached XP level 8. HP: 42/42 MP: 12/12
  5628 | D:5      | You pick up a book of Decay and begin reading...
  5645 | D:5      | Found a blossoming altar of Fedhas.
  5685 | D:5      | Reached skill level 3 in Spellcasting
  5997 | D:6      | Reached skill level 7 in Dodging
  6007 | D:6      | Noticed Eustachio
  6018 | D:6      | Killed Eustachio
  6038 | D:6      | Found a glowing drain.
  6042 | Sewer    | Entered a sewer
  6185 | Sewer    | Reached skill level 6 in Short Blades
  6185 | Sewer    | Reached skill level 3 in Poison Magic
  6479 | D:6      | HP: 10/42 [iguana (10)]
  6791 | D:6      | Reached skill level 5 in Fighting
  6791 | D:6      | Reached skill level 4 in Spellcasting
  6929 | D:6      | HP: 10/43 [orc priest/divine providence (9)]
  7167 | D:5      | HP: 7/43 [orc priest/divine providence (17)]
  7852 | D:6      | Reached ***** piety under Lugonu
  8089 | D:6      | Reached XP level 9. HP: 31/47 MP: 16/16
  8221 | D:6      | Reached skill level 8 in Dodging
  8398 | D:6      | Found an opulent altar of Gozag.
  8503 | D:7      | Reached skill level 4 in Poison Magic
  8521 | D:7      | Reached skill level 5 in Spellcasting
  8549 | D:6      | Slain by a wyvern

Vanquished Creatures
  Sigmund (D:3)
  Eustachio (D:6)
  Edmund (D:5)
  2 sky beasts
  A black bear (D:6)
  3 ogres
  A phantom (D:6)
  3 kobold brigands
  A bullfrog (D:7)
  3 scorpions (D:4)
  A howler monkey (D:7)
  3 hounds
  2 jellies
  6 orc priests
  3 iguanas
  Terence (D:3)
  Natasha (twice) (D:3)
  2 orc wizards (D:6)
  10 adders
  3 gnolls (D:2)
  A shadow imp (D:6)
  A white imp (D:3)
  2 ufetubi
  A worm (D:4)
  3 dart slugs
  19 orcs
  7 bats
  8 endoplasms
  3 giant cockroaches
  3 goblins
  7 hobgoblins
  24 kobolds
  8 quokkas
  4 ball pythons
  6 frilled lizards
  A goblin skeleton (D:3)
  A goblin zombie (D:3)
  2 hobgoblin zombies (D:3)
  A kobold skeleton (D:3)
  A kobold zombie (D:3)
  2 orc skeletons (D:3)
  2 orc zombies (D:3)
  5 rats
162 creatures vanquished.

Vanquished Creatures (others)
  A howler monkey (D:7)
  34 plants
35 creatures vanquished.

Grand Total: 197 creatures vanquished

Table legend:
 A = Non-vault XP
 B = Vault XP
 C = Vault XP percentage of total XP
 D = Non-vault monster count
 E = Vault monster count
 F = Vault count percentage of total count
                 A         B        C        D         E       F
            +---------+---------+-------+---------+---------+-------
      Total |    2378 |     924 |  28.0 |     119 |      43 |  26.5
            +---------+---------+-------+---------+---------+-------
        D:1 |      38 |       5 |  11.6 |      16 |       3 |  15.8
        D:2 |     100 |       0 |   0.0 |      16 |       0 |   0.0
        D:3 |     179 |     305 |  63.0 |      14 |      14 |  50.0
        D:4 |     424 |       0 |   0.0 |      28 |       0 |   0.0
        D:5 |     562 |     162 |  22.4 |      17 |       1 |   5.6
        D:6 |     802 |     213 |  21.0 |      25 |       4 |  13.8
        D:7 |     273 |       0 |   0.0 |       3 |       0 |   0.0
      Sewer |       0 |     239 | 100.0 |       0 |      21 | 100.0
            +---------+---------+-------+---------+---------+-------

Illustrated notes

Table legend:
 A = Kills in this place as a percentage of kills in entire the game.
 B = Kills by you in this place as a percentage of kills by you in the entire game.
 C = Kills by friends in this place as a percentage of kills by friends in the entire game.
 D = Other kills in this place as a percentage of other kills in the entire game.
 E = Experience gained in this place as a percentage of experience gained in the entire game.
 F = Experience gained in this place divided by the number of levels of this place that you have seen.
                   A       B       C       D       E      F
               +-------+-------+-------+-------+-------+----------------------
         Total | 100.0 | 100.0 |   N/A |   N/A | 100.0 | 366.9
       Dungeon |  87.0 |  87.0 |   N/A |   N/A |  92.8 | 437.6
         Sewer |  13.0 |  13.0 |   N/A |   N/A |   7.2 | 239.0
               +-------+-------+-------+-------+-------+----------------------

Table legend: (Time is in decaauts)
 A = Elapsed time spent in this place.
 B = Non-inter-level travel time spent in this place.
 C = Inter-level travel time spent in this place.
 D = Time resting spent in this place.
 E = Time spent auto-exploring this place.
 F = Levels seen in this place.
 G = Mean time per level.
                   A        B        C        D        E       F      G
               +--------+--------+--------+--------+--------+-----+--------+
         Total |   6858 |   6593 |    265 |   2580 |   2775 |   9 |  762.0 |
       Dungeon |   6441 |   6176 |    265 |   2580 |   2460 |   7 |  920.1 |
         Abyss |     80 |     80 |      0 |      0 |     75 |   1 |   80.0 |
         Sewer |    336 |    336 |      0 |      0 |    239 |   1 |  336.0 |
               +--------+--------+--------+--------+--------+-----+--------+

Top non-repeatable levels by time:
     D:5: 1852 daAuts
     D:1: 1223 daAuts
     D:4: 980 daAuts
     D:2: 876 daAuts
     D:3: 785 daAuts
     D:6: 703 daAuts
   Sewer: 336 daAuts
 Abyss:1: 80 daAuts
     D:7: 20 daAuts
